 Dungeon Crawl Stone Soup version 0.23.1 (webtiles) character file.

Game seed: 10143835070022093784

25 doot the Grasshopper (level 2, -2/15 HPs)
             Began as a Spriggan Warper on Mar 19, 2019.
             Slain by a worm (8 damage)
             ... on level 2 of the Dungeon.
             The game lasted 00:01:31 (1527 turns).

doot the Grasshopper (Spriggan Warper)              Turns: 1527, Time: 00:01:32

Health: -2/15      AC:  2    Str:  7    XL:     2   Next: 86%
Magic:  5/7        EV: 19    Int: 14    God:
Gold:   23         SH:  0    Dex: 15    Spells: 3/7 levels left

rFire    . . .     SeeInvis +   a - +0 short sword
rCold    . . .     Gourm    .   (shield restricted)
rNeg     . . .     Faith    .   b - +0 robe
rPois    .         Spirit   .   (helmet restricted)
rElec    .         Reflect  .   (no cloak)
rCorr    .         Harm     .   (gloves unavailable)
MR       .....                  (boots unavailable)
Stlth    ++........             (no amulet)
HPRegen  0.05/turn              (no ring)
MPRegen  0.10/turn              (no ring)

@: shrouded (expiring), very quick
A: very small, unfitting armour, see invisible, herbivore, speed 3, slow
metabolism 2
a: no special abilities


You were on level 2 of the Dungeon.
You were not hungry.

You visited 1 branch of the dungeon, and saw 2 of its levels.

You collected 23 gold pieces.

Inventory:

Hand Weapons
 a - a +0 short sword (weapon)
Missiles
 e - 5 tomahawks of dispersal (quivered)
Armour
 b - a +0 robe (worn)
Scrolls
 d - a scroll of blinking
 g - a scroll of remove curse {unknown}
 j - a scroll of identify {unknown}
Potions
 c - a potion of heal wounds {unknown}
 h - a potion of haste {unknown}
 i - a potion of curing {unknown}
 k - a potion of flight {unknown}
Comestibles
 f - 2 rations


   Skills:
 + Level 1.8 Fighting
 + Level 2.7 Short Blades
 + Level 1.0 Throwing
 + Level 4.2 Dodging
 + Level 0.9 Stealth
 + Level 3.0 Spellcasting
 + Level 4.4 Translocations


You had 3 spell levels left.
You knew the following spells:

 Your Spells              Type           Power        Failure   Level  Hunger
a - Blink                 Tloc           N/A          5%          2    ##.....
b - Shroud of Golubria    Chrm/Tloc      #.........   13%         2    ##.....

Your spell library contained the following spells:

 Spells                   Type           Power        Failure   Level  Hunger
 Gell's Gravitas          Tloc           ##........   11%         3    ###....
 Lesser Beckoning         Tloc           ##........   11%         3    ###....
 Teleport Other           Tloc           ##......     11%         3    ###....
 Passage of Golubria      Tloc           N/A          34%         4    #####..


Dungeon Overview and Level Annotations

Branches:
Dungeon (2/15)

Altars:


Innate Abilities, Weirdness & Mutations

You are very small and have problems with some larger weapons.
You are too small for most types of armour.
You have supernaturally acute eyesight. (SInv)
You are a herbivore.
You cover ground extremely quickly.
You need to consume almost no food.


Message History

You barely miss the worm. You hit the worm.
The worm is lightly wounded.
The worm closely misses you.
You hit the worm.
The worm is lightly wounded.
You hit the worm but do no damage.
The worm is lightly wounded.
The worm completely misses you.
You hit the worm.
The worm is lightly wounded.
You hit the worm.
The worm is moderately wounded.
The worm barely misses you.
You barely miss the worm.
The worm is lightly wounded.
Your shroud begins to fray at the edges.
The worm bites you!
Ouch! That really hurt!
You die...

.## ..# #.# #(# #
#.# #.#.###.#
#####
#.......###...#
#.....<@w...#
#########......?.
##.##...# .# ...
.# # .. ##


You could see a worm.

Vanquished Creatures
  A dart slug (D:1)
  A leopard gecko (D:1)
  4 giant cockroaches (D:1)
  4 goblins (D:1)
  3 hobgoblins (D:1)
  A kobold (D:1)
  3 bats (D:1)
  A rat (D:1)
18 creatures vanquished.

Notes
Turn   | Place    | Note
-------+----------+-------------------------------------------
     0 | D:1      | doot the Spriggan Warper began the quest for the Orb.
     0 | D:1      | Reached XP level 1. HP: 10/10 MP: 5/5
   786 | D:1      | Reached XP level 2. HP: 15/15 MP: 6/6
   921 | D:1      | Learned a level 2 spell: Blink
   982 | D:1      | Learned a level 2 spell: Shroud of Golubria
  1527 | D:2      | Slain by a worm

Skill      XL: |  1  2 |
---------------+-------+-----
Dodging        | 4 |  4.2
Spellcasting   | 3 |  3.0
Fighting       | |  1.8
Short Blades   | |  2.7
Throwing       | |  1.0
Stealth        | |  0.9
Translocations | |  4.4

Action                   || total
-------------------------++-------
Melee: Short sword       ||   113
 Cast: Shroud of Golubri ||     1
 Stab: Sleeping          ||     2
Armor: Robe              ||    13
Dodge: Dodged            ||    88
